 Dungeon Crawl Stone Soup version 0.30-a0-964-gd452b5e7fa (webtiles) character file.

Game seed: 10915630228554452427

406 Ahpoh the Slasher (level 6, -2/37 HPs)
             Began as a Gargoyle Gladiator on Mar 30, 2023.
             Killed by divine providence
             ... invoked by an orc priest
              (14 damage)
             ... on level 3 of the Dungeon.
             The game lasted 00:08:42 (3174 turns).

Ahpoh the Slasher (Gargoyle Gladiator)              Turns: 3174, Time: 00:08:43

Health: -2/37      AC: 13    Str: 18    XL:     6   Next: 87%
Magic:  6/6        EV: 10    Int:  8    God:
Gold:   176        SH:  0    Dex: 13    Spells: 5/5 levels left

rFire   . . .      SeeInvis .    a - +0 long sword
rCold   . . .      Faith    .    (no shield)
rNeg    + . .      Spirit   .    g - +0 scale mail
rPois   ∞          Reflect  .    q - +0 helmet
rElec   +          Rampage  .    (no cloak)
rCorr   .                        i - +0 pair of gloves
Will    .....                    (no boots) Stlth
                                 (no amulet)
HPRegen 0.26/turn                (no ring)
MPRegen 0.10/turn                (no ring)

@: no status effects
A: sickness immunity, AC +4, negative energy resistance 1, electricity
resistance, torment resistance 1, petrification resistance
a: no special abilities


You were on level 3 of the Dungeon.
You visited 1 branch of the dungeon, and saw 3 of its levels.
You also visited: Sewer.

You collected 176 gold pieces.

Inventory:

Hand Weapons
 a - a +0 long sword (weapon)
Missiles
 d - 2 throwing nets (quivered)
 e - a javelin
 h - 26 poisoned darts
 k - 2 boomerangs
 l - 5 curare-tipped darts
Armour
 g - a +0 scale mail (worn)
 i - a +0 pair of gloves (worn)
 q - a +0 helmet (worn)
Jewellery
 n - a ring of positive energy
 p - a ring of protection from cold
Wands
 c - a wand of charming (12)
Scrolls
 j - a scroll of vulnerability
 o - a scroll of identify
 s - a scroll of acquirement {unknown}
 u - a scroll of enchant armour {unknown}
 v - 2 scrolls of magic mapping {unknown}
 w - a scroll of fear {unknown}
 x - 2 scrolls of fog {unknown}
 y - a scroll of summoning {unknown}
 z - a scroll of teleportation {unknown}
Potions
 b - a potion of degeneration {unknown}
 f - a potion of flight {unknown}
 m - a potion of attraction {unknown}
 r - a potion of curing {unknown}
 t - a potion of heal wounds {unknown}


   Skills:
 + Level 3.2 Fighting
 + Level 5.5 Long Blades
 + Level 1.8 Throwing
 + Level 2.7 Armour
 + Level 3.0 Dodging
 + Level 0.3 Stealth


You had 5 spell levels left.
You didn't know any spells.
Your spell library contained the following spells:

 Spells                   Type           Power      Damage    Failure   Level
 Portal Projectile        Hex/Tloc       0%         N/A       99%         3
 Tukima's Dance           Hex            0%         N/A       99%         3
 Blade Hands              Tmut           0%         N/A       100%        5


Dungeon Overview and Level Annotations

Branches:
Dungeon (3/15)              Sewer (visited)

Altars:
Cheibriados
Hepliaklqana
Makhleb

Shops:
D:2 (


Innate Abilities, Weirdness & Mutations

You are immune to sickness and miasma.
Your stone body is resilient. (AC +4)
You are immune to poison.
You resist negative energy. (rN+)
You are resistant to electric shocks. (rElec)
You are resistant to unholy torment.
You are immune to petrification.


Message History

The orc priest completely misses you.
You hit the orc priest.
The orc priest is moderately wounded.
The orc priest roars noisily, as Orcs often do.
The orc priest closely misses you.
The orc priest hits you but does no damage.
You hit the orc priest but do no damage.
The orc priest is moderately wounded.
The orc priest hits you but does no damage.
The orc priest misses you.
You hit the orc priest but do no damage.
You punch the orc priest, but do no damage.
The orc priest is moderately wounded.
The orc priest looks braver for a moment.
The orc priest hits you but does no damage.
You hit the orc priest but do no damage.
The orc priest is moderately wounded.
The orc priest hits you but does no damage. x2
You hit the orc priest.
The orc priest is moderately wounded.
The orc priest closely misses you. x2
You hit the orc priest but do no damage.
The orc priest is moderately wounded.
The orc priest hits you but does no damage.
The orc priest mumbles some strange prayers to Beogh against you.
Beogh smites you!
You hit the orc priest.
The orc priest is severely wounded.
The orc priest misses you. The orc priest barely misses you.
The orc priest hits you with a +0 whip.
The orc priest hits you but does no damage.
You closely miss the orc priest.
The orc priest is severely wounded.
An orc wizard comes into view. It is wielding a +0 dagger.
The orc priest barely misses you. The orc priest hits you with a +0 whip.
You hit the orc priest.
The orc priest is almost dead.
The orc priest calls down the wrath of Beogh upon you.
Beogh smites you!
You die...

####..# #####..# #......#
####### ## #.####.#####
..... o. #...... ... ###o
#..#### #.# #.. # #..####
#.## #.####.###.# #......
#.##.##.o.@......#
##.####
#)##.....oo..#####
#......
#######(#####..#####
#..#### ........#
#..########## #...###
.#.####.#####..##.......#
#......
...........##..##.#####.#
#...###
....P..........##.#
#.###..####
.._....##...#.###.#
#..##......
.......##..#.#....#
#..........


You could see 2 orc priests and an orc wizard.

Vanquished Creatures
  3 kobold brigands (Sewer)
  An orc wizard (D:3)
  Robin (D:2)
  6 adders
  2 river rats (Sewer)
  2 worms (D:2)
  A dart slug (D:3)
  4 orcs (D:3)
  8 ball pythons
  9 endoplasms
  4 giant cockroaches
  5 hobgoblins
  7 jackals
  5 kobolds
  6 quokkas
  7 bats
  7 frilled lizards
  16 goblins
  8 rats
102 creatures vanquished.

Vanquished Creatures (others)
  23 plants
23 creatures vanquished.

Grand Total: 125 creatures vanquished

Notes
Turn   | Place    | Note
-------+----------+-------------------------------------------
     0 | D:1      | Ahpoh the Gargoyle Gladiator began the quest for the Orb.
     0 | D:1      | Reached XP level 1. HP: 12/12 MP: 1/1
   109 | D:1      | Reached skill level 3 in Long Blades
   112 | D:1      | Reached XP level 2. HP: 17/17 MP: 2/2
   776 | D:2      | Reached XP level 3. HP: 3/22 MP: 3/3
  1101 | D:2      | Noticed Robin
  1152 | D:2      | Killed Robin
  1153 | D:2      | Reached XP level 4. HP: 20/27 MP: 4/4
  1187 | D:2      | Found Jon Ype's Antique Weapon Shop.
  1502 | D:2      | Reached skill level 4 in Long Blades
  1670 | D:3      | Reached skill level 1 in Armour
  2003 | D:3      | Found a glowing drain.
  2021 | Sewer    | Entered a sewer
  2051 | Sewer    | Reached XP level 5. HP: 31/31 MP: 5/5
  2089 | Sewer    | Noticed a kobold brigand
  2115 | Sewer    | Killed a kobold brigand
  2241 | Sewer    | Noticed a kobold brigand
  2245 | Sewer    | Reached XP level 6. HP: 36/36 MP: 6/6
  2260 | Sewer    | Reached skill level 5 in Long Blades
  2782 | D:3      | Found a hazy altar of Hepliaklqana.
  2784 | D:3      | Found a snail-covered altar of Cheibriados.
  2974 | D:3      | Found a burning altar of Makhleb.
  3174 | D:3      | Killed from afar by an orc priest

Illustrated notes

Levels and vault maps discovered:
D:1:      lemuel_arrival_hallway, layout_loops_ring, kennysheep_boxes
D:2:      layout_basic, serial_shops, nicolae_shop_hallway_plus,
          serial_park_tiny_1, uniq_robin
D:3:      minmay_chambers_of_threes, layout_loops_ring,
          mainiacjoe_overflow_chevrons,
          chequers_temple_overflow_statue_of_worship, gup_sewer_entry_bubbles

Skill      XL: |  1  2  3  4  5  6 |
---------------+-------------------+-----
Long Blades    | 3 4 5 |  5.5
Armour         | 1 2 |  2.7
Fighting       | 3 |  3.2
Dodging        | 3 |  3.0
Throwing       | |  1.8
Stealth        | |  0.3

Action                     |  1- 3 |  4- 6 || total
---------------------------+-------+-------++-------
  Melee: Long sword        |   133 |   287 ||   420
         Punch             |     1 |     3 ||     4
  Throw: Throwing net      |       |     1 ||     1
    Use: Scroll            |       |     1 ||     1
   Stab: Held in net/web   |       |     1 ||     1
 Armour: Scale mail        |    79 |   180 ||   259
         Leather armour    |     6 |       ||     6
  Dodge: Dodged            |    88 |   161 ||   249

Table legend: (Time is in decaauts)
 A = Elapsed time spent in this place.
 B = Non-inter-level travel time spent in this place.
 C = Inter-level travel time spent in this place.
 D = Time resting spent in this place.
 E = Time spent auto-exploring this place.
 F = Levels seen in this place.
 G = Mean time per level.
                   A        B        C        D        E       F      G
               +--------+--------+--------+--------+--------+-----+--------+
         Total |   3455 |   3429 |     26 |     68 |   1925 |   4 |  863.8 |
       Dungeon |   2612 |   2586 |     26 |     68 |   1442 |   3 |  870.7 |
         Sewer |    843 |    843 |      0 |      0 |    483 |   1 |  843.0 |
               +--------+--------+--------+--------+--------+-----+--------+

Top non-repeatable levels by time:
     D:3: 974 daAuts
   Sewer: 843 daAuts
     D:2: 835 daAuts
     D:1: 801 daAuts
